 Dungeon Crawl Stone Soup version 0.29.1-1-gd02db6906a (webtiles) character file.

Game seed: 2456080982943278758

1407 jimonade the Skirmisher (level 9, 0/61 HPs)
             Began as a Formicid Hunter on Sept 18, 2022.
             Was an Initiate of Hepliaklqana.
             Slain by Sigmund
             ... wielding a +0 scythe
              (5 damage)
             ... on level 6 of the Dungeon.
             The game lasted 00:11:08 (7422 turns).

jimonade the Skirmisher (Formicid Hunter)           Turns: 7422, Time: 00:11:09

Health: 0/61       AC:  3    Str: 15    XL:     9   Next: 1%
Magic:  9/9        EV: 16    Int: 10    God:    Hepliaklqana [......]
Gold:   235        SH:  0    Dex: 27    Spells: 8/8 levels left

rFire   . . .      SeeInvis +   a - +0 shortbow
rCold   . . .      Faith    .   (no shield)
rNeg    . . .      Spirit   .   c - +0 leather armour
rPois   .          Reflect  .   (helmet unavailable)
rElec   .          Harm     .   (no cloak)
rCorr   .          Rampage  .   (no gloves)
Will    .....                   (no boots)
Stlth   ++........              (no amulet)
HPRegen 0.20/turn               n - +4 ring of evasion
MPRegen 0.11/turn               x - +6 ring of dexterity

@: no status effects
A: permanent stasis, dig shafts and tunnels, antennae 3, four strong arms
a: Dig, Shaft Self, Renounce Religion


You were on level 6 of the Dungeon.
You worshipped Hepliaklqana.
Hepliaklqana was noncommittal.
You visited 2 branches of the dungeon, and saw 8 of its levels.
You also visited: Sewer.

You collected 235 gold pieces.

Inventory:

Hand Weapons
 a - a +0 shortbow (weapon)
 f - a +0 rapier
 k - a +0 rapier
 s - a +0 whip of venom
 v - a +0 quarterstaff
 B - a +2 whip of venom
Missiles
 h - 8 poisoned darts
Armour
 c - a +0 leather armour (worn)
 y - a +0 ring mail
Jewellery
 m - a ring of magical power
 n - a +4 ring of evasion (left hand)
 x - a +6 ring of dexterity (right hand)
Scrolls
 b - 3 scrolls of immolation
 i - 8 scrolls of identify
 j - 2 scrolls of fog
 w - a scroll of enchant weapon {unknown}
 A - a scroll of summoning {unknown}
 C - a scroll of amnesia {unknown}
Potions
 d - 6 potions of curing
 e - a potion of might {unknown}
 g - 2 potions of lignification {unknown}
 l - a potion of invisibility {unknown}
 o - 2 potions of heal wounds {unknown}
 p - a potion of degeneration {unknown}
 q - a potion of brilliance {unknown}
 r - a potion of mutation {unknown}
 t - a potion of ambrosia {unknown}
 u - 2 potions of flight {unknown}
 z - a potion of cancellation {unknown}


   Skills:
 - Level 2.1 Fighting
 + Level 11.2 Ranged Weapons
 - Level 1.7 Dodging
 - Level 1.2 Stealth


You had 8 spell levels left.
You didn't know any spells.
Your spell library contained the following spells:

 Spells                   Type           Power      Damage    Failure   Level
 Ensorcelled Hibernation  Hex/Ice        0%         N/A       56%         2
 Spider Form              Tmut/Pois      0%         N/A       80%         3
 Anguish                  Hex/Necr       0%         N/A       99%         4
 Conjure Ball Lightning   Conj/Air       0%         3x3d6     100%        6
 Discord                  Hex            0%         N/A       100%        8
 Disjunction              Tloc           0%         N/A       100%        8


Dungeon Overview and Level Annotations

Branches:
Dungeon (7/15)             Temple (1/1) D:5           Sewer (visited)

Altars:
Ashenzari
Cheibriados
Elyvilon
Fedhas
Gozag
Hepliaklqana
Kikubaaqudgha
Makhleb
Nemelex Xobeh
Okawaru
Qazlal
Ru
Sif Muna
Trog
Uskayaw
Vehumet
Wu Jian
Xom
Yredelemnul
Zin
The Shining One

Annotations:
D:6 Sigmund


Innate Abilities, Weirdness & Mutations

You cannot be hasted, slowed, berserked, paralysed or teleported.
You can dig through walls and to a lower floor.
You have a pair of large antennae on your head. (SInv)
Your four strong arms can wield two-handed weapons with a shield.


Message History

Sigmund zaps a wand.
The bolt of light hits you!
Non-targeted confused fire: a) +0 shortbow
Press: ? - help, Q - select action, (/) - cycle Dir - look around, f - activate You shoot an arrow.
Sigmund gestures at you while chanting. The puff of flame hits you!
* * * LOW HITPOINT WARNING * * *
Non-targeted confused fire: a) +0 shortbow
Press: ? - help, Q - select action, (/) - cycle Dir - look around, f - activate You shoot an arrow.
You feel less confused.
Sigmund zaps a wand.
The bolt of light hits you!
You are confused.
* * * LOW HITPOINT WARNING * * *
Non-targeted confused fire: a) +0 shortbow
Press: ? - help, Q - select action, (/) - cycle Dir - look around, f - activate You shoot an arrow.
Non-targeted confused fire: a) +0 shortbow
Press: ? - help, Q - select action, (/) - cycle Dir - look around, f - activate
Okay, then.
Unknown command.
You bump into the rock wall.
You feel less confused.
Fire: a) +0 shortbow
Press: ? - help, Q - select action, (/) - cycle Shift-Dir - straight line, f - Sigmund
Aim: Sigmund, wielding a +0 scythe, wearing a +2 robe of positive energy and carrying a wand of light (1) (moderately wounded, 68% to hit)
You shoot an arrow. The arrow hits Sigmund.
Sigmund is heavily wounded.
Sigmund misses you.
Fire: a) +0 shortbow
Press: ? - help, Q - select action, (/) - cycle Shift-Dir - straight line, f/p - Sigmund
Aim: Sigmund, wielding a +0 scythe, wearing a +2 robe of positive energy and carrying a wand of light (1) (heavily wounded, 68% to hit)
You shoot an arrow. The arrow hits Sigmund!
Sigmund is almost dead.
Fire: a) +0 shortbow
Press: ? - help, Q - select action, (/) - cycle Shift-Dir - straight line, f/p - Sigmund
Aim: Sigmund, wielding a +0 scythe, wearing a +2 robe of positive energy and carrying a wand of light (1) (almost dead, 68% to hit)
You shoot an arrow. The arrow closely misses Sigmund.
Sigmund hits you from afar with a +0 scythe.
You die...

#.# #.# #.# #.# #.#
#.#################
#.................#
#################.#
#.......@..# #.#
##.#######@# #.#
#.#.... #.# #.# #.#
..#.#@# #.#
#.###.#.#.# #.#
#.......#.# #.#
#####.###.# #.#
#.....# #.#
########## #..##.#
#.#


You could see Sigmund.

Vanquished Creatures
  Grinder (D:5)
  Eustachio (D:6)
  A sky beast (D:6)
  3 ogres
  A kobold brigand (Sewer)
  A necrophage (D:7)
  A gnoll sergeant (D:6)
  A howler monkey (D:6)
  2 hounds
  A jelly (D:6)
  2 iguanas
  8 gnolls (D:6)
  5 river rats (Sewer)
  11 adders
  2 shadow imps
  A white imp (D:6)
  An ufetubus (D:5)
  3 worms
  9 orcs
  5 endoplasms
  3 giant cockroaches
  3 goblins
  5 hobgoblins
  8 jackals
  9 kobolds
  3 quokkas (D:2)
  6 ball pythons
  5 bats
  8 frilled lizards
  17 rats
127 creatures vanquished.

Vanquished Creatures (others)
  6 plants
6 creatures vanquished.

Grand Total: 133 creatures vanquished

Notes
Turn   | Place    | Note
-------+----------+-------------------------------------------
     0 | D:1      | jimonade the Formicid Hunter began the quest for the Orb.
     0 | D:1      | Reached XP level 1. HP: 16/16 MP: 1/1
    95 | D:1      | Reached XP level 2. HP: 22/22 MP: 2/2
   698 | D:1      | Found a broken altar of Ashenzari.
   767 | D:2      | Reached XP level 3. HP: 22/27 MP: 3/3
   816 | D:2      | Found a faded altar of an unknown god.
   858 | D:2      | Reached skill level 5 in Ranged Weapons
  1211 | D:2      | Found an ornate altar of the Wu Jian Council.
  1619 | D:3      | Reached XP level 4. HP: 33/33 MP: 4/4
  1644 | D:3      | Found a glowing drain.
  1651 | Sewer    | Entered a sewer
  1983 | Sewer    | Reached XP level 5. HP: 12/38 MP: 5/5
  2217 | Sewer    | Reached skill level 6 in Ranged Weapons
  2532 | Sewer    | Noticed a kobold brigand
  2546 | Sewer    | Killed a kobold brigand
  2547 | Sewer    | Reached XP level 6. HP: 35/44 MP: 6/6
  2889 | Sewer    | Reached skill level 7 in Ranged Weapons
  3893 | D:4      | Noticed an ogre
  3909 | D:4      | Killed an ogre
  4038 | D:4      | You fall into a shaft and drop 3 floors!
  4087 | D:7      | Reached skill level 8 in Ranged Weapons
  4087 | D:7      | Reached XP level 7. HP: 37/50 MP: 7/7
  4202 | D:6      | Noticed Eustachio
  4224 | D:6      | Killed Eustachio
  4611 | D:5      | Entered Level 5 of the Dungeon
  4660 | D:4      | Reached skill level 9 in Ranged Weapons
  5038 | D:4      | Reached XP level 8. HP: 56/56 MP: 8/8
  5040 | D:4      | Found a sacrificial altar of Ru.
  5045 | D:4      | Found a snail-covered altar of Cheibriados.
  5050 | D:4      | Found an ornate altar of the Wu Jian Council.
  5771 | D:5      | Found a staircase to the Ecumenical Temple.
  5779 | Temple   | Entered the Ecumenical Temple
  5927 | Temple   | Became a worshipper of Hepliaklqana the Forgotten
  6202 | D:5      | Noticed Grinder
  6216 | D:5      | Killed Grinder
  6217 | D:5      | Reached skill level 10 in Ranged Weapons
  7179 | D:6      | Reached skill level 11 in Ranged Weapons
  7187 | D:6      | Reached XP level 9. HP: 55/61 MP: 9/9
  7411 | D:6      | Noticed Sigmund
  7422 | D:6      | Slain by Sigmund

Illustrated notes

Levels and vault maps discovered:
D:1:      dpeg_arrival_water_altar, layout_loops_cross
D:2:      layout_basic, basic_altar, basic_ecumenical_altar, serial_park_tiny_1,
          dk_noncrumbling_2
D:3:      layout_basic, portal_sewer_entry_e
D:4:      layout_basic, minmay_overflow_temple_star_quad
D:5:      lemuel_ice_spiral_2, layout_basic, minmay_temple_entry_fiery,
          uniq_grinder
D:6:      layout_basic, uniq_blork_the_orc, uniq_eustachio, uniq_duvessa,
          uniq_sigmund
D:7:      layout_rooms, serial_bayou_pond_e
Temple:   regret_index_temple_chain_breaker

Skill      XL: |  1  2  3  4  5  6  7  8 |
---------------+-------------------------+-----
Ranged Weapons | 5 6 8 9 11 | 11.2
Fighting       | |  2.1
Dodging        | |  1.7
Stealth        | |  1.2

Action                   |  1- 3 |  4- 6 |  7- 9 || total
-------------------------+-------+-------+-------++-------
Melee: Unarmed           |       |     5 |       ||     5
 Fire: Shortbow          |    88 |   175 |   170 ||   433
 Abil: Dig               |     1 |     1 |     1 ||     3
  Use: Scroll            |     2 |     4 |     1 ||     7
Armor: Leather armour    |     7 |    19 |    12 ||    38
Dodge: Dodged            |    23 |    76 |    58 ||   157
